 Dungeon Crawl Stone Soup version 0.29.1 (webtiles) character file.

Game seed: 11210123063126783392

55922 qw the Severer (level 14, -9/92 HPs)
             Began as a Gargoyle Fighter on Sept 13, 2022.
             Was an Elder of Okawaru.
             Mangled by a white ugly thing (28 damage)
             ... on level 13 of the Dungeon.
             The game lasted 00:07:49 (20845 turns).

qw the Severer (Gargoyle Fighter)                  Turns: 20845, Time: 00:07:49

Health: -9/92      AC: 39    Str: 25    XL:     14   Next: 79%
Magic:  20/21      EV: 11    Int:  9    God:    Okawaru [****..]
Gold:   1226       SH:  7    Dex: 15    Spells: 13/13 levels left

rFire   . . .      SeeInvis +   Y - +4 broad axe (chaos)
rCold   . . .      Faith    .   c - +0 buckler
rNeg    + . .      Spirit   .   u - +3 plate armour
rPois   inf        Reflect  .   l - +0 mask of the Dragon {Will+ Slay+3 SInv}
rElec   +          Harm     .   b - -1 cloak "Virewaf" {Will+ Stlth+}
rCorr   .          Rampage  .   t - +1 pair of gloves
Will    +++..                   (no boots)
Stlth   ..........              i - amulet of the acrobat
HPRegen 0.25/turn               m - +4 ring of protection
MPRegen 0.17/turn               z - +6 ring of dexterity

@: about to teleport, heroic, flying
A: sickness immunity, AC +10, big wings, negative energy resistance 1,
electricity resistance, torment resistance 1, petrification resistance, antennae
1, iridescent scales 1
a: Renounce Religion, Heroism, Finesse


You were on level 13 of the Dungeon.
You worshipped Okawaru.
Okawaru was greatly pleased with you.
You visited 3 branches of the dungeon, and saw 20 of its levels.

You collected 1383 gold pieces.
You spent 157 gold pieces at shops.


Innate Abilities, Weirdness & Mutations

You are immune to sickness and miasma.
Your stone body is resilient. (AC +10)
You are immune to poison.
Your large and strong wings let you fly.
You resist negative energy. (rN+)
You are resistant to electric shocks. (rElec)
You are resistant to unholy torment.
You are immune to petrification.
You have a pair of small antennae on your head.
You are partially covered in iridescent scales. (AC +2)


   Skills:
 - Level 12.0(17.0) Fighting
 + Level 15.7(20.7) Axes
 - Level 6.0(11.0) Throwing
 - Level 10.1(15.1) Armour
 - Level 4.0(9.0) Dodging
 - Level 7.4(12.4) Shields
 - Level 10.0 Invocations


You had 13 spell levels left.
You didn't know any spells.
Your spell library was empty.

Inventory:

Hand Weapons
 n - a +0 flail
 Y - a +4 broad axe of chaos (weapon)
Missiles
 p - 12 boomerangs
 r - 6 silver boomerangs
 v - 5 javelins (quivered)
 y - 2 silver javelins
Armour
 b - the -1 cloak "Virewaf" (worn) {Will+ Stlth+}
   (Okawaru gifted it to you on level 4 of the Lair of Beasts)

   Will:      It increases your willpower.
   Stlth:     It makes you more stealthy.
 c - a +0 buckler (worn)
 l - the +0 mask of the Dragon (worn) {Will+ Slay+3 SInv}
   (You acquired it on level 13 of the Dungeon)

   Slay:      It affects your accuracy & damage with ranged weapons and melee
   (+3).
   SInv:      It lets you see invisible.
   Will:      It increases your willpower.
 s - +0 acid dragon scales
 t - a +1 pair of gloves (worn)
 u - a +3 plate armour (worn)
 B - the +2 hat of Foolhardiness {rCorr}
   (Okawaru gifted it to you on level 4 of the Lair of Beasts)

   rCorr:     It protects you from acid and corrosion.
 C - a +9 plate armour of ponderousness
Jewellery
 i - an amulet of the acrobat (around neck)
 m - a +4 ring of protection (left hand)
 x - a ring of fire
 z - a +6 ring of dexterity (right hand)
 D - a ring of resist corrosion
Scrolls
 a - 9 scrolls of identify
 g - 3 scrolls of teleportation
 w - 3 scrolls of blinking
Potions
 d - a potion of might
 e - 5 potions of heal wounds
 f - a potion of haste
 h - 3 potions of lignification
 j - 4 potions of resistance
 k - 4 potions of mutation
 o - 17 potions of curing
 q - 4 potions of attraction
 A - 2 potions of cancellation
 E - a potion of magic

Dungeon Overview and Level Annotations

Branches:
Dungeon (14/15)            Temple (1/1) D:4            Lair (5/5) D:10
  Swamp (0/4) Lair:2        Snake (0/4) Lair:3        Slime (0/5) Lair:5
    Orc (0/2) D:11
 Vaults: D:13-14

Altars:
Ashenzari
Cheibriados
Dithmenos
Elyvilon
Fedhas
Gozag
Hepliaklqana
Kikubaaqudgha
Makhleb
Nemelex Xobeh
Okawaru
Qazlal
Ru
Sif Muna
Trog
Uskayaw
Vehumet
Wu Jian
Xom
Yredelemnul
Zin
The Shining One
Jiyva

Shops:
D:12 *

Annotations:
D:9 2 runed translucent doors, qw's ghost, novice GrFi
D:11 1 runed translucent door, xzight's ghost, journeyman MiBe


Message History

You block the meliai's attack. x2
The centaur warrior hits you but does no damage.
The centaur warrior kicks you but does no damage.
You barely miss the meliai.
The meliai is heavily wounded.
You hit the freezing wraith but do no damage.
You slice the centaur warrior!!
The centaur warrior is poisoned.
You closely miss the white ugly thing.
The meliai barely misses you. x2; The white ugly thing misses you.
You block the freezing wraith's attack.
The freezing wraith hits you but does no damage.
The centaur warrior barely misses you. You block the centaur warrior's attack.
The meliai misses you. The meliai stings you.
You slash the meliai!
The meliai is almost dead.
You completely miss the centaur warrior.
You hit the white ugly thing but do no damage.
You slash the freezing wraith!
The meliai invokes the aid of its god against you.
Something smites you! The white ugly thing pecks you.
The white ugly thing freezes you! The centaur warrior closely misses you.
The centaur warrior kicks you. The freezing wraith hits you.
The freezing wraith freezes you!
The freezing wraith hits you but does no damage.
You slice the meliai!!
You kill the meliai!
Okawaru accepts your kill.
You slash the freezing wraith!
Nothing appears to happen.
You closely miss the centaur warrior. You barely miss the white ugly thing.
The centaur warrior hits you.
The centaur warrior kicks you but does no damage.
The white ugly thing pecks you. The white ugly thing freezes you!!
The freezing wraith barely misses you.
The freezing wraith hits you but does no damage.
20845 ||| READING 4 scrolls of teleportation.
As you read the scroll of teleportation, it crumbles to dust.
You feel strangely unstable. The centaur warrior closely misses you.
You block the centaur warrior's attack. The white ugly thing pecks you.
The white ugly thing freezes you!!
You die...

...........................######
........#######'#................
........#.......#................
........#.......#................
#####...#.......#................
#...#########................
#............................
#..#####.....c.............##
#..#...#####@u.#######.....#.
#..#.......#W).#.....#######.
#..#.......#...#.............
#..#.....>.#...#.............
#..#.......#####.............
####..#.:.......................
##.....#.........................
.......#.........................
.......#...........######........


You could see a white ugly thing, a centaur warrior (very poisoned) and a
freezing wraith (invisible).

Vanquished Creatures
  Erolcha (D:9)
  4 boulder beetles
  7 hydras
  A merfolk avatar (Lair:5)
  Erica (D:9)
  A centaur warrior (D:13)
  3 two-headed ogres
  2 death yaks (Lair:4)
  A sea snake (Lair:5)
  3 lindwurms
  2 harpies (Lair:5)
  2 manticores
  2 cyclopes
  An ugly thing (D:11)
  2 black mambas
  Joseph (D:8)
  15 elephants
  A guardian serpent (Lair:3)
  A torpor snail (Lair:4)
  Maggie (D:6)
  Psyche (D:9)
  10 cane toads
  3 unseen horrors
  6 rime drakes
  An efreet (D:13)
  7 komodo dragons
  A troll (D:12)
  A wind drake (shapeshifter) (D:12)
  A meliai (D:13)
  A polar bear (shapeshifter) (D:13)
  8 polar bears
  A hornet (Lair:5)
  4 dream sheep (Lair:4)
  4 blink frogs (Lair:1)
  3 shadows
  Sigmund (D:2)
  6 wyverns
  39 yaks
  A vampire (D:12)
  2 wraiths
  A yak (shapeshifter) (D:13)
  4 basilisks
  4 vampire mosquitoes (D:10)
  5 steam dragons
  An acid dragon (D:12)
  12 water moccasins
  Duvessa (D:7)
  9 black bears
  6 orc warriors
  2 ice beasts
  3 sky beasts
  5 ogres
  47 wolves
  2 centaurs
  Blork the orc (D:4)
  A phantom (D:11)
  2 kobold brigands
  17 bullfrogs
  A necrophage (D:5)
  2 gnoll sergeants
  A scorpion (D:4)
  A wight (D:8)
  10 killer bees
  Dowan (D:7)
  6 electric eels
  4 howler monkeys
  3 hounds
  4 jellies
  A gnoll bouda (D:7)
  10 orc priests
  A human skeleton (D:9)
  An iguana (D:5)
  11 orc wizards
  7 ogre zombies (D:11)
  18 gnolls
  4 adders
  A white imp (D:6)
  An ufetubus (D:6)
  A worm (D:4)
  8 dart slugs
  34 orcs
  4 ball pythons
  7 bats
  8 endoplasms
  4 giant cockroaches
  7 goblins
  6 hobgoblins
  5 jackals
  3 quokkas
  4 frilled lizards
  A goblin skeleton (D:11)
  6 goblin zombies (D:11)
  2 hobgoblin skeletons (D:11)
  3 hobgoblin zombies (D:11)
  A jackal zombie (D:9)
  13 kobolds
  A kobold skeleton (D:9)
  4 orc skeletons (D:11)
  9 orc zombies (D:11)
  8 rats
503 creatures vanquished.

Vanquished Creatures (others)
  A bullfrog (Lair:1)
  24 fungi
  36 plants
61 creatures vanquished.

Grand Total: 564 creatures vanquished

Notes
Turn   | Place    | Note
-------+----------+-------------------------------------------
     0 | D:1      | qw the Gargoyle Fighter began the quest for the Orb.
     0 | D:1      | Reached XP level 1. HP: 14/14 MP: 1/1
     0 | D:1      | 0 ||| qw: Version: 0.1-a-119-g272c26d
     0 | D:1      | 0 ||| qw: Game counter: 11166
     0 | D:1      | 0 ||| qw: Always use a shield: true
     0 | D:1      | 0 ||| qw: God list: Okawaru
     0 | D:1      | 0 ||| qw: Allow faded altars: false
     0 | D:1      | 0 ||| qw: Do Orc after D:15 true
     0 | D:1      | 0 ||| qw: Do second Lair branch before Depths: true
     0 | D:1      | 0 ||| qw: Lair rune preference: random
     0 | D:1      | 0 ||| qw: Plans: Normal, Zot, God:TSO, Crypt, Tomb, Pan,
                  | Slime, Hells, Zig, Abyss, Orb
     0 | D:1      | 0 ||| PLANNING D:1-11
    53 | D:1      | Reached skill level 2 in Axes
   195 | D:1      | Reached XP level 2. HP: 19/19 MP: 2/2
   289 | D:1      | 289 ||| Stepping ~*~*~tactically~*~*~ (stealth).
   390 | D:1      | 390 ||| Stepping ~*~*~tactically~*~*~ (stealth).
   906 | D:1      | Reached skill level 3 in Axes
   922 | D:1      | Reached XP level 3. HP: 23/23 MP: 3/3
  1091 | D:1      | 1091 ||| READING scroll labelled LEIPE KIREZOC.
  1092 | D:1      | 1092 ||| READING 2 scrolls labelled FOAPNU SOFU.
  1096 | D:1      | 1096 ||| READING 2 scrolls labelled ISUHAS SUDANG.
  1097 | D:1      | 1097 ||| DRINKING 2 blue potions.
  1098 | D:1      | 1098 ||| DROPPING scroll of magic mapping.
  1165 | D:2      | Noticed Sigmund
  1176 | D:2      | Killed Sigmund
  1177 | D:2      | Reached skill level 5 in Axes
  1177 | D:2      | Reached XP level 4. HP: 25/28 MP: 4/4
  1177 | D:2      | Reached XP level 5. HP: 28/32 MP: 5/5
  1522 | D:2      | Found a stormy altar of Qazlal.
  1828 | D:2      | 1828 ||| DROPPING +0 club.
  2144 | D:2      | 2144 ||| UPGRADING to amulet of the acrobat.
  2149 | D:2      | 2149 ||| READING 2 scrolls labelled PUBALIS VONT.
  2150 | D:2      | 2150 ||| READING scroll labelled GOGHAV BEXADOK.
  2151 | D:2      | 2151 ||| DRINKING 3 red potions.
  2151 | D:2      | Gained mutation: You occasionally lose the ability to read
                  | scrolls when taking damage. [potion of mutation]
  2151 | D:2      | Gained mutation: You expend magic power (3 MP) to
                  | strengthen your wands. [potion of mutation]
  2151 | D:2      | Gained mutation: Armour fits poorly on your strangely
                  | shaped body. [potion of mutation]
  2152 | D:2      | 2152 ||| DRINKING 2 potions of mutation.
  2152 | D:2      | Lost mutation: You expend magic power (3 MP) to strengthen
                  | your wands. [potion of mutation]
  2152 | D:2      | Lost mutation: Armour fits poorly on your strangely shaped
                  | body. [potion of mutation]
  2152 | D:2      | Lost mutation: You occasionally lose the ability to read
                  | scrolls when taking damage. [potion of mutation]
  2152 | D:2      | Gained mutation: You have large cloven feet. [potion of
                  | mutation]
  2152 | D:2      | Gained mutation: You are partially covered in iridescent
                  | scales. (AC +2) [potion of mutation]
  2152 | D:2      | Lost mutation: You have large cloven feet. [potion of
                  | mutation]
  2152 | D:2      | Gained mutation: You have a pair of small antennae on your
                  | head. [potion of mutation]
  2272 | D:3      | Reached XP level 6. HP: 38/38 MP: 6/6
  2655 | D:3      | 2655 ||| DROPPING ring of flight.
  2656 | D:3      | 2656 ||| DRINKING 2 fizzy blue potions.
  2657 | D:3      | 2657 ||| READING 3 scrolls of identify.
  2657 | D:3      | 2657 ||| IDENTIFYING fizzy clear potion
  2658 | D:3      | 2658 ||| READING 2 scrolls of identify.
  2658 | D:3      | 2658 ||| IDENTIFYING fizzy pink potion
  2659 | D:3      | 2659 ||| DROPPING potion of degeneration.
  2682 | D:4      | 2682 ||| STAIRDANCE
  2688 | D:3      | Reached skill level 1 in Throwing
  2752 | D:4      | 2752 ||| Stepping ~*~*~tactically~*~*~ (stealth).
  2754 | D:4      | Noticed Blork the orc
  2755 | D:4      | 2755 ||| Stepping ~*~*~tactically~*~*~ (hiding).
  2770 | D:4      | Killed Blork the orc
  2770 | D:4      | HP: 3/38 [worm (7)]
  2771 | D:4      | Reached skill level 1 in Dodging
  2771 | D:4      | 2771 ||| READING 4 scrolls of teleportation.
  2772 | D:4      | 2772 ||| DRINKING 3 potions of heal wounds.
  2773 | D:4      | 2773 ||| Stepping ~*~*~tactically~*~*~ (hiding).
  2775 | D:4      | Found a staircase to the Ecumenical Temple.
  2776 | D:4      | 2776 ||| PLANNING TEMPLE
  2778 | D:4      | 2778 ||| FLEEEEING.
  2779 | D:4      | 2779 ||| FLEEEEING.
  2780 | D:4      | 2780 ||| FLEEEEING.
  2781 | D:4      | 2781 ||| FLEEEEING.
  2782 | D:4      | 2782 ||| FLEEEEING.
  2793 | D:4      | HP: 9/38 [ball python (3)]
  2794 | D:4      | 2794 ||| READING 3 scrolls of teleportation.
  2797 | D:4      | 2797 ||| DRINKING 2 potions of heal wounds.
  2878 | D:4      | 2878 ||| FLEEEEING.
  2879 | D:4      | 2879 ||| FLEEEEING.
  2880 | D:4      | 2880 ||| FLEEEEING.
  2881 | D:4      | 2881 ||| STAIRDANCE
  2902 | D:4      | 2902 ||| STAIRDANCE
  2907 | D:4      | 2907 ||| FLEEEEING.
  2908 | D:4      | 2908 ||| STAIRDANCE
  2915 | D:4      | 2915 ||| STAIRDANCE
  2931 | Temple   | Entered the Ecumenical Temple
  2932 | Temple   | 2932 ||| DROPPING +0 whip.
  2987 | Temple   | 2987 ||| PLANNING D:1-11
  3017 | Temple   | Became a worshipper of Warmaster Okawaru
  3064 | D:4      | 3064 ||| Stepping ~*~*~tactically~*~*~ (stealth).
  3065 | D:4      | 3065 ||| Stepping ~*~*~tactically~*~*~ (stealth).
  3131 | D:4      | 3131 ||| Stepping ~*~*~tactically~*~*~ (stealth).
  3132 | D:4      | 3132 ||| Stepping ~*~*~tactically~*~*~ (stealth).
  3133 | D:4      | 3133 ||| Stepping ~*~*~tactically~*~*~ (stealth).
  3134 | D:4      | 3134 ||| Stepping ~*~*~tactically~*~*~ (stealth).
  3135 | D:4      | 3135 ||| Stepping ~*~*~tactically~*~*~ (stealth).
  3178 | D:4      | Found a burning altar of Makhleb.
  3179 | D:4      | Found an ancient bone altar of Kikubaaqudgha.
  3376 | D:4      | Found a glowing golden altar of the Shining One.
  3414 | D:4      | Reached XP level 7. HP: 37/43 MP: 7/7
  3834 | D:4      | 3834 ||| UPGRADING to +0 chain mail.
  3844 | D:4      | 3844 ||| DROPPING +0 scale mail.
  3845 | D:4      | 3845 ||| UPGRADING to +4 ring of protection.
  3846 | D:4      | 3846 ||| READING scroll labelled RAFOIM KOTO.
  3847 | D:4      | 3847 ||| READING 3 scrolls of identify.
  3847 | D:4      | 3847 ||| IDENTIFYING glowing red potion
  3848 | D:4      | 3848 ||| READING 2 scrolls of identify.
  3848 | D:4      | 3848 ||| IDENTIFYING fuming orange potion
  3849 | D:4      | 3849 ||| DROPPING potion of flight.
  3862 | D:5      | Entered Level 5 of the Dungeon
  3863 | D:5      | 3863 ||| PLANNING SEWER
  3879 | D:5      | Reached skill level 6 in Axes
  3885 | D:5      | HP: 9/43 [black bear (3)]
  3886 | D:5      | 3886 ||| READING 3 scrolls of teleportation.
  3887 | D:5      | 3887 ||| DRINKING 2 potions of heal wounds.
  4017 | D:5      | Reached * piety under Okawaru
  4018 | D:5      | Reached skill level 7 in Axes
  4055 | D:5      | 4055 ||| INVOKING Heroism.
  4056 | D:5      | 4056 ||| INVOKING Heroism.
  4059 | D:5      | Reached skill level 1 in Invocations
  4059 | D:5      | Reached XP level 8. HP: 48/48 MP: 5/9
  4123 | D:5      | 4123 ||| INVOKING Heroism.
  4376 | D:5      | 4376 ||| Stepping ~*~*~tactically~*~*~ (stealth).
  4484 | D:5      | 4484 ||| RIP SEWER
  4538 | D:5      | 4538 ||| PLANNING D:1-11
  4688 | D:5      | Found a shadowy altar of Dithmenos.
  4729 | D:5      | 4729 ||| INVOKING Heroism.
  4735 | D:5      | Reached skill level 3 in Invocations
  4878 | D:5      | 4878 ||| READING scroll labelled PAITTAO OKKENU.
  4879 | D:5      | 4879 ||| READING 3 scrolls labelled EDGHUU ENOEC MAU.
  4880 | D:5      | 4880 ||| READING 2 scrolls of brand weapon.
  4880 | D:5      | 4880 ||| BRANDING +0 war axe of electrocution.
  4881 | D:5      | 4881 ||| READING scroll of brand weapon.
  4881 | D:5      | 4881 ||| BRANDING +0 war axe of freezing.
  4882 | D:5      | 4882 ||| READING scroll labelled RAQUYRPH WIAR.
  4883 | D:5      | 4883 ||| DRINKING 2 bubbling brown potions.
  4884 | D:5      | 4884 ||| DRINKING 3 bubbling golden potions.
  4885 | D:5      | 4885 ||| READING 2 scrolls of identify.
  4885 | D:5      | 4885 ||| IDENTIFYING inky potion
  4886 | D:5      | 4886 ||| DROPPING 2 potions of brilliance.
  5016 | D:6      | Found an opulent altar of Gozag.
  5061 | D:6      | 5061 ||| READING scroll of brand weapon.
  5061 | D:6      | 5061 ||| BRANDING +0 war axe of protection.
  5066 | D:6      | 5066 ||| Stepping ~*~*~tactically~*~*~ (stealth).
  5068 | D:6      | 5068 ||| INVOKING Heroism.
  5161 | D:6      | 5161 ||| Stepping ~*~*~tactically~*~*~ (hiding).
  5163 | D:6      | 5163 ||| INVOKING Heroism.
  5168 | D:6      | 5168 ||| Stepping ~*~*~tactically~*~*~ (hiding).
  5176 | D:6      | 5176 ||| INVOKING Heroism.
  5491 | D:6      | 5491 ||| Stepping ~*~*~tactically~*~*~ (hiding).
  5614 | D:6      | Reached skill level 8 in Axes
  5638 | D:6      | Noticed Maggie
  5651 | D:6      | 5651 ||| INVOKING Heroism.
  5652 | D:6      | Killed Maggie
  5652 | D:6      | Reached ** piety under Okawaru
  5653 | D:6      | Reached skill level 6 in Fighting
  5653 | D:6      | Reached XP level 9. HP: 31/56 MP: 9/12
  6031 | D:6      | Found a glowing silver altar of Zin.
  6113 | D:6      | 6113 ||| DROPPING scarf of shadows.
  6114 | D:6      | 6114 ||| READING scroll labelled MOEHEO HI MOBB.
  6170 | D:7      | 6170 ||| SWAPPING to +0 broad axe.
  6171 | D:7      | 6171 ||| DROPPING +1 vorpal war axe.
  6184 | D:7      | 6184 ||| INVOKING Heroism.
  6185 | D:7      | 6185 ||| Stepping ~*~*~tactically~*~*~ (stealth).
  6242 | D:7      | 6242 ||| INVOKING Heroism.
  6257 | D:7      | Reached skill level 9 in Axes
  6275 | D:7      | 6275 ||| Stepping ~*~*~tactically~*~*~ (stealth).
  6278 | D:7      | 6278 ||| Stepping ~*~*~tactically~*~*~ (stealth).
  6312 | D:7      | 6312 ||| Stepping ~*~*~tactically~*~*~ (stealth).
  6313 | D:7      | 6313 ||| INVOKING Heroism.
  6336 | D:7      | 6336 ||| FLEEEEING.
  6337 | D:7      | 6337 ||| FLEEEEING.
  6338 | D:7      | 6338 ||| FLEEEEING.
  6342 | D:7      | 6342 ||| FLEEEEING.
  6343 | D:7      | 6343 ||| FLEEEEING.
  6344 | D:7      | 6344 ||| FLEEEEING.
  6345 | D:7      | 6345 ||| FLEEEEING.
  6346 | D:7      | 6346 ||| FLEEEEING.
  6361 | D:7      | 6361 ||| FLEEEEING.
  6362 | D:7      | 6362 ||| FLEEEEING.
  6366 | D:7      | 6366 ||| STAIRDANCE
  6437 | D:7      | 6437 ||| Stepping ~*~*~tactically~*~*~ (hiding).
  6440 | D:7      | 6440 ||| Stepping ~*~*~tactically~*~*~ (hiding).
  6593 | D:7      | 6593 ||| READING scroll of brand weapon.
  6593 | D:7      | 6593 ||| BRANDING +0 broad axe.
  6595 | D:7      | 6595 ||| INVOKING Heroism.
  6618 | D:7      | 6618 ||| INVOKING Heroism.
  6691 | D:7      | 6691 ||| INVOKING Heroism.
  6712 | D:7      | 6712 ||| FLEEEEING.
  6785 | D:7      | 6785 ||| INVOKING Heroism.
  6799 | D:7      | Reached skill level 3 in Throwing
  6819 | D:7      | 6819 ||| INVOKING Heroism.
  6838 | D:7      | Found a sparkling altar of Nemelex Xobeh.
  6844 | D:7      | Found a shimmering altar of Xom.
  6848 | D:7      | Found a blossoming altar of Fedhas.
  6889 | D:7      | Noticed a +0 dagger
  6889 | D:7      | Noticed a +0 dagger
  6889 | D:7      | Noticed a +0 spear
  6890 | D:7      | Noticed a +0 short sword
  6891 | D:7      | Noticed a +0 falchion
  6891 | D:7      | Noticed a +0 short sword
  6891 | D:7      | Noticed a +0 spear
  6892 | D:7      | Noticed a +0 falchion
  6895 | D:7      | Noticed Duvessa
  6895 | D:7      | Noticed Dowan
  6899 | D:7      | 6899 ||| INVOKING Heroism.
  6916 | D:7      | Killed Duvessa
  6918 | D:7      | Killed Dowan
  6934 | D:7      | 6934 ||| Stepping ~*~*~tactically~*~*~ (stealth).
  6937 | D:7      | 6937 ||| Stepping ~*~*~tactically~*~*~ (stealth).
  6970 | D:7      | 6970 ||| Stepping ~*~*~tactically~*~*~ (stealth).
  6971 | D:7      | 6971 ||| Stepping ~*~*~tactically~*~*~ (stealth).
  6972 | D:7      | 6972 ||| Stepping ~*~*~tactically~*~*~ (stealth).
  7092 | D:7      | Found a hide-covered altar of Uskayaw.
  7108 | D:7      | 7108 ||| Stepping ~*~*~tactically~*~*~ (hiding).
  7231 | D:7      | Reached *** piety under Okawaru
  7324 | D:7      | 7324 ||| UPGRADING to +0 plate armour.
  7334 | D:7      | 7334 ||| DROPPING +0 chain mail.
  7335 | D:7      | 7335 ||| READING 3 scrolls of enchant armour.
  7335 | D:7      | 7335 ||| ENCHANTING +0 plate armour.
  7336 | D:7      | 7336 ||| READING 2 scrolls of enchant armour.
  7336 | D:7      | 7336 ||| ENCHANTING +1 plate armour.
  7337 | D:7      | 7337 ||| READING scroll of enchant armour.
  7337 | D:7      | 7337 ||| ENCHANTING +2 plate armour.
  7338 | D:7      | 7338 ||| READING scroll labelled ORAPNO PAUWOR.
  7393 | D:8      | Reached XP level 10. HP: 62/63 MP: 13/13
  7438 | D:8      | 7438 ||| Stepping ~*~*~tactically~*~*~ (stealth).
  7441 | D:8      | 7441 ||| Stepping ~*~*~tactically~*~*~ (hiding).
  7446 | D:8      | 7446 ||| INVOKING Heroism.
  7457 | D:8      | Reached skill level 10 in Axes
  7529 | D:8      | Identified the +1 ring mail of the Minstrel {rPois Int+4
                  | Dex+4}
  7534 | D:8      | 7534 ||| INVOKING Heroism.
  7547 | D:8      | 7547 ||| Stepping ~*~*~tactically~*~*~ (stealth).
  7559 | D:8      | 7559 ||| FLEEEEING.
  7562 | D:8      | 7562 ||| FLEEEEING.
  7563 | D:8      | 7563 ||| FLEEEEING.
  7564 | D:8      | 7564 ||| FLEEEEING.
  7566 | D:8      | 7566 ||| FLEEEEING.
  7567 | D:8      | 7567 ||| FLEEEEING.
  7568 | D:8      | 7568 ||| FLEEEEING.
  7569 | D:8      | 7569 ||| FLEEEEING.
  7570 | D:8      | 7570 ||| FLEEEEING.
  7571 | D:8      | 7571 ||| DRINKING 2 potions of curing.
  7571 | D:8      | 7571 ||| (to cure confusion)
  7683 | D:8      | Noticed Joseph
  7684 | D:8      | 7684 ||| Stepping ~*~*~tactically~*~*~ (hiding).
  7685 | D:8      | 7685 ||| INVOKING Heroism.
  7692 | D:8      | Reached skill level 6 in Armour
  7703 | D:8      | Killed Joseph
  7703 | D:8      | Reached **** piety under Okawaru
  7831 | D:8      | 7831 ||| INVOKING Heroism.
  7949 | D:8      | 7949 ||| INVOKING Heroism.
  8235 | D:8      | 8235 ||| READING scroll labelled LUZIR JIPOTHU.
  8268 | D:9      | Found a runed translucent door.
  8318 | D:9      | 8318 ||| Stepping ~*~*~tactically~*~*~ (hiding).
  8340 | D:9      | 8340 ||| INVOKING Heroism.
  8444 | D:9      | 8444 ||| Stepping ~*~*~tactically~*~*~ (hiding).
  8448 | D:9      | 8448 ||| INVOKING Heroism.
  8488 | D:9      | 8488 ||| Stepping ~*~*~tactically~*~*~ (stealth).
  8491 | D:9      | 8491 ||| INVOKING Heroism.
  8492 | D:9      | 8492 ||| Stepping ~*~*~tactically~*~*~ (stealth).
  8495 | D:9      | 8495 ||| Stepping ~*~*~tactically~*~*~ (stealth).
  8515 | D:9      | Reached skill level 6 in Invocations
  8686 | D:9      | 8686 ||| Stepping ~*~*~tactically~*~*~ (hiding).
  8687 | D:9      | 8687 ||| Stepping ~*~*~tactically~*~*~ (hiding).
  8691 | D:9      | 8691 ||| INVOKING Heroism.
  8692 | D:9      | 8692 ||| Stepping randomly (cloudy).
  8729 | D:9      | 8729 ||| INVOKING Heroism.
  8739 | D:9      | Reached XP level 11. HP: 68/68 MP: 13/15
  8848 | D:9      | Found a bloodstained altar of Trog.
  8922 | D:9      | Noticed a two-headed ogre
  8923 | D:9      | 8923 ||| INVOKING Heroism.
  8934 | D:9      | Killed a two-headed ogre
  8979 | D:9      | Reached skill level 11 in Axes
  8979 | D:9      | Found a runed translucent door.
  8980 | D:9      | 8980 ||| READING 3 scrolls of teleportation.
  8992 | D:9      | Found a basalt altar of Yredelemnul.
  9066 | D:9      | Noticed Erolcha
  9067 | D:9      | 9067 ||| INVOKING Heroism.
  9074 | D:9      | Killed Erolcha
  9074 | D:9      | Reached ***** piety under Okawaru
  9221 | D:9      | Noticed Psyche
  9222 | D:9      | 9222 ||| INVOKING Heroism.
  9226 | D:9      | Killed Psyche
  9262 | D:9      | Noticed Erica
  9263 | D:9      | 9263 ||| Stepping ~*~*~tactically~*~*~ (hiding).
  9268 | D:9      | 9268 ||| INVOKING Heroism.
  9274 | D:9      | 9274 ||| DRINKING 4 potions of curing.
  9274 | D:9      | 9274 ||| (to cure confusion)
  9276 | D:9      | Killed Erica
  9433 | D:9      | Noticed qw's ghost (novice GrFi)
  9435 | D:9      | 9435 ||| READING scroll labelled NOBBIS FATE.
  9456 | D:10     | Entered Level 10 of the Dungeon
  9468 | D:10     | 9468 ||| DROPPING +1 war axe of freezing.
  9482 | D:10     | 9482 ||| INVOKING Heroism.
  9491 | D:10     | Noticed a two-headed ogre
  9499 | D:10     | Killed a two-headed ogre
  9499 | D:10     | Received a gift from Okawaru
  9547 | D:10     | 9547 ||| READING scroll of enchant weapon.
  9547 | D:10     | 9547 ||| ENCHANTING +0 broad axe of chaos.
  9603 | D:10     | 9603 ||| INVOKING Heroism.
  9607 | D:10     | Reached skill level 9 in Fighting
  9619 | D:10     | 9619 ||| Stepping randomly (disturbance).
  9705 | D:10     | Identified the +2 ring mail of Leili {rN+ Str-3 Stlth+}
                  | (Okawaru gifted it to you on level 10 of the Dungeon)
  9705 | D:10     | Received a gift from Okawaru
  9714 | D:10     | Reached skill level 9 in Invocations
  9859 | D:10     | Found a staircase to the Lair.
  9890 | D:10     | 9890 ||| INVOKING Heroism.
  9965 | D:10     | 9965 ||| Stepping ~*~*~tactically~*~*~ (stealth).
 10047 | D:10     | 10047 ||| INVOKING Heroism.
 10182 | D:10     | 10182 ||| PLANNING LAIR
 10182 | D:10     | 10182 ||| READING scroll labelled LAFAN HAIGOATAIG.
 10183 | D:10     | 10183 ||| READING 3 scrolls of identify.
 10183 | D:10     | 10183 ||| IDENTIFYING silvery potion
 10184 | D:10     | 10184 ||| DROPPING potion of invisibility.
 10245 | Lair:1   | Entered Level 1 of the Lair of Beasts
 10294 | Lair:1   | 10294 ||| INVOKING Heroism.
 10379 | Lair:1   | 10379 ||| INVOKING Heroism.
 10521 | Lair:1   | 10521 ||| Stepping ~*~*~tactically~*~*~ (stealth).
 10523 | Lair:1   | 10523 ||| INVOKING Heroism.
 10603 | Lair:1   | Reached XP level 12. HP: 76/76 MP: 19/19
 10695 | Lair:1   | 10695 ||| Stepping ~*~*~tactically~*~*~ (stealth).
 10697 | Lair:1   | 10697 ||| Stepping ~*~*~tactically~*~*~ (stealth).
 10698 | Lair:1   | 10698 ||| Stepping ~*~*~tactically~*~*~ (stealth).
 10707 | Lair:1   | 10707 ||| Stepping ~*~*~tactically~*~*~ (stealth).
 10708 | Lair:1   | 10708 ||| Stepping ~*~*~tactically~*~*~ (stealth).
 10747 | Lair:1   | 10747 ||| Stepping ~*~*~tactically~*~*~ (stealth).
 10748 | Lair:1   | 10748 ||| Stepping ~*~*~tactically~*~*~ (stealth).
 10749 | Lair:1   | 10749 ||| Stepping ~*~*~tactically~*~*~ (stealth).
 10750 | Lair:1   | 10750 ||| INVOKING Heroism.
 10752 | Lair:1   | 10752 ||| Stepping ~*~*~tactically~*~*~ (stealth).
 10753 | Lair:1   | 10753 ||| Stepping ~*~*~tactically~*~*~ (stealth).
 10754 | Lair:1   | 10754 ||| Stepping ~*~*~tactically~*~*~ (stealth).
 10760 | Lair:1   | 10760 ||| Stepping ~*~*~tactically~*~*~ (stealth).
 10761 | Lair:1   | 10761 ||| Stepping ~*~*~tactically~*~*~ (stealth).
 10765 | Lair:1   | 10765 ||| Stepping ~*~*~tactically~*~*~ (stealth).
 10766 | Lair:1   | 10766 ||| Stepping ~*~*~tactically~*~*~ (stealth).
 10767 | Lair:1   | 10767 ||| Stepping ~*~*~tactically~*~*~ (stealth).
 10768 | Lair:1   | 10768 ||| Stepping ~*~*~tactically~*~*~ (stealth).
 10769 | Lair:1   | 10769 ||| Stepping ~*~*~tactically~*~*~ (stealth).
 10988 | Lair:1   | 10988 ||| UPGRADING to ring of resist corrosion.
 10989 | Lair:1   | 10989 ||| READING 2 scrolls labelled NUPREI YNOPN.
 10990 | Lair:1   | 10990 ||| DROPPING scroll of amnesia.
 11014 | Lair:2   | 11014 ||| INVOKING Heroism.
 11128 | Lair:2   | Reached skill level 12 in Axes
 11135 | Lair:2   | Found a staircase to the Swamp.
 11168 | Lair:2   | 11168 ||| INVOKING Heroism.
 11358 | Lair:2   | 11358 ||| Stepping ~*~*~tactically~*~*~ (stealth).
 11359 | Lair:2   | 11359 ||| Stepping ~*~*~tactically~*~*~ (stealth).
 11360 | Lair:2   | 11360 ||| INVOKING Heroism.
 11361 | Lair:2   | 11361 ||| Stepping ~*~*~tactically~*~*~ (stealth).
 11370 | Lair:2   | Reached skill level 6 in Shields
 11638 | Lair:2   | 11638 ||| Stepping ~*~*~tactically~*~*~ (stealth).
 11679 | Lair:2   | 11679 ||| Stepping ~*~*~tactically~*~*~ (stealth).
 11681 | Lair:2   | 11681 ||| INVOKING Heroism.
 11701 | Lair:2   | 11701 ||| Stepping ~*~*~tactically~*~*~ (stealth).
 11704 | Lair:2   | 11704 ||| Stepping ~*~*~tactically~*~*~ (stealth).
 11720 | Lair:2   | 11720 ||| Stepping ~*~*~tactically~*~*~ (stealth).
 11763 | Lair:2   | 11763 ||| INVOKING Heroism.
 11864 | Lair:2   | 11864 ||| READING scroll of enchant weapon.
 11864 | Lair:2   | 11864 ||| ENCHANTING +1 broad axe of chaos.
 12197 | Lair:2   | 12197 ||| UPGRADING to +0 pair of gloves.
 12202 | Lair:2   | 12202 ||| READING 5 scrolls of identify.
 12202 | Lair:2   | 12202 ||| IDENTIFYING metallic ruby potion
 12203 | Lair:2   | 12203 ||| DROPPING potion of ambrosia.
 12257 | Lair:3   | 12257 ||| INVOKING Heroism.
 12400 | Lair:3   | Noticed a four-headed hydra
 12401 | Lair:3   | 12401 ||| FLEEEEING.
 12402 | Lair:3   | 12402 ||| FLEEEEING.
 12403 | Lair:3   | 12403 ||| FLEEEEING.
 12404 | Lair:3   | 12404 ||| FLEEEEING.
 12405 | Lair:3   | 12405 ||| FLEEEEING.
 12406 | Lair:3   | 12406 ||| FLEEEEING.
 12407 | Lair:3   | 12407 ||| FLEEEEING.
 12408 | Lair:3   | 12408 ||| FLEEEEING.
 12409 | Lair:3   | 12409 ||| FLEEEEING.
 12410 | Lair:3   | 12410 ||| FLEEEEING.
 12411 | Lair:3   | 12411 ||| FLEEEEING.
 12412 | Lair:3   | 12412 ||| FLEEEEING.
 12413 | Lair:3   | 12413 ||| FLEEEEING.
 12414 | Lair:3   | 12414 ||| FLEEEEING.
 12415 | Lair:3   | 12415 ||| STAIRDANCE
 12482 | Lair:3   | 12482 ||| INVOKING Heroism.
 12483 | Lair:3   | 12483 ||| SWAPPING to +0 flail.
 12484 | Lair:3   | 12484 ||| INVOKING Finesse.
 12496 | Lair:3   | Killed a four-headed hydra
 12497 | Lair:3   | 12497 ||| SWAPPING to +2 broad axe of chaos.
 12603 | Lair:3   | 12603 ||| Stepping ~*~*~tactically~*~*~ (hiding).
 12616 | Lair:3   | 12616 ||| INVOKING Heroism.
 12844 | Lair:3   | Found a staircase to the Snake Pit.
 13116 | Lair:3   | 13116 ||| FLEEEEING.
 13117 | Lair:3   | 13117 ||| FLEEEEING.
 13118 | Lair:3   | 13118 ||| FLEEEEING.
 13119 | Lair:3   | 13119 ||| FLEEEEING.
 13120 | Lair:3   | 13120 ||| FLEEEEING.
 13121 | Lair:3   | 13121 ||| FLEEEEING.
 13122 | Lair:3   | 13122 ||| FLEEEEING.
 13123 | Lair:3   | 13123 ||| FLEEEEING.
 13126 | Lair:3   | 13126 ||| FLEEEEING.
 13127 | Lair:3   | 13127 ||| FLEEEEING.
 13128 | Lair:3   | 13128 ||| FLEEEEING.
 13129 | Lair:3   | 13129 ||| INVOKING Heroism.
 13427 | Lair:3   | Noticed a boulder beetle
 13428 | Lair:3   | 13428 ||| INVOKING Heroism.
 13429 | Lair:3   | 13429 ||| INVOKING Finesse.
 13441 | Lair:3   | Killed a boulder beetle
 13820 | Lair:4   | Found a basalt altar of Yredelemnul.
 13879 | Lair:4   | 13879 ||| INVOKING Heroism.
 13884 | Lair:4   | Reached skill level 13 in Axes
 13887 | Lair:4   | Identified the -1 cloak "Virewaf" {Will+ Stlth+} (Okawaru
                  | gifted it to you on level 4 of the Lair of Beasts)
 13887 | Lair:4   | Received a gift from Okawaru
 13888 | Lair:4   | Reached XP level 13. HP: 82/82 MP: 18/20
 13958 | Lair:4   | You fall into a shaft and drop 1 floor!
 13958 | Lair:5   | Entered Level 5 of the Lair of Beasts
 13961 | Lair:5   | 13961 ||| INVOKING Heroism.
 13968 | Lair:5   | Reached skill level 9 in Armour
 13975 | Lair:5   | 13975 ||| INVOKING Finesse.
 14047 | Lair:5   | 14047 ||| INVOKING Heroism.
 14164 | Lair:5   | Found a staircase to the Slime Pits.
 14164 | Lair:5   | Found a viscous altar of Jiyva.
 14234 | Lair:5   | 14234 ||| INVOKING Heroism.
 14282 | Lair:5   | 14282 ||| Stepping ~*~*~tactically~*~*~ (hiding).
 14285 | Lair:5   | 14285 ||| INVOKING Heroism.
 14292 | Lair:5   | 14292 ||| Stepping ~*~*~tactically~*~*~ (cloud).
 14295 | Lair:5   | 14295 ||| Stepping ~*~*~tactically~*~*~ (stealth).
 14297 | Lair:5   | Reached skill level 14 in Axes
 14335 | Lair:5   | 14335 ||| Stepping ~*~*~tactically~*~*~ (stealth).
 14416 | Lair:5   | 14416 ||| Stepping ~*~*~tactically~*~*~ (cloud).
 14417 | Lair:5   | 14417 ||| Stepping ~*~*~tactically~*~*~ (cloud).
 14418 | Lair:5   | 14418 ||| INVOKING Heroism.
 14472 | Lair:5   | 14472 ||| Stepping ~*~*~tactically~*~*~ (stealth).
 14473 | Lair:5   | 14473 ||| INVOKING Heroism.
 14517 | Lair:5   | 14517 ||| Stepping ~*~*~tactically~*~*~ (cloud).
 14519 | Lair:5   | 14519 ||| Stepping ~*~*~tactically~*~*~ (cloud).
 14520 | Lair:5   | 14520 ||| Stepping ~*~*~tactically~*~*~ (hiding).
 14525 | Lair:5   | 14525 ||| Stepping ~*~*~tactically~*~*~ (cloud).
 14678 | Lair:5   | 14678 ||| UPGRADING to -1 cloak "Virewaf" {Will+ Stlth+}.
 14683 | Lair:5   | 14683 ||| UPGRADING to +6 ring of dexterity.
 14685 | Lair:5   | 14685 ||| DRINKING 2 fuming dark potions.
 14717 | Lair:4   | 14717 ||| Stepping ~*~*~tactically~*~*~ (stealth).
 14718 | Lair:4   | 14718 ||| INVOKING Heroism.
 14780 | Lair:4   | 14780 ||| INVOKING Heroism.
 14781 | Lair:4   | 14781 ||| INVOKING Finesse.
 14795 | Lair:4   | Reached skill level 3 in Dodging
 14862 | Lair:4   | 14862 ||| INVOKING Heroism.
 14863 | Lair:4   | 14863 ||| SWAPPING to +0 flail.
 14864 | Lair:4   | 14864 ||| INVOKING Finesse.
 14882 | Lair:4   | 14882 ||| SWAPPING to +2 broad axe of chaos.
 15258 | Lair:4   | 15258 ||| Stepping ~*~*~tactically~*~*~ (hiding).
 15262 | Lair:4   | 15262 ||| INVOKING Heroism.
 15410 | Lair:4   | 15410 ||| Stepping ~*~*~tactically~*~*~ (hiding).
 15412 | Lair:4   | 15412 ||| INVOKING Heroism.
 15845 | Lair:5   | 15845 ||| INVOKING Heroism.
 15847 | Lair:5   | 15847 ||| STAIRDANCE
 15936 | Lair:5   | 15936 ||| STAIRDANCE
 15938 | Lair:4   | 15938 ||| INVOKING Heroism.
 15999 | Lair:5   | 15999 ||| STAIRDANCE
 16053 | Lair:5   | 16053 ||| STAIRDANCE
 16055 | Lair:4   | 16055 ||| INVOKING Heroism.
 16061 | Lair:4   | Reached skill level 6 in Throwing
 16061 | Lair:4   | Gained mutation: Your large and strong wings let you fly.
                  | [Gargoyle growth]
 16061 | Lair:4   | Reached XP level 14. HP: 73/90 MP: 18/21
 16130 | Lair:5   | 16130 ||| STAIRDANCE
 16132 | Lair:4   | 16132 ||| INVOKING Heroism.
 16199 | Lair:5   | 16199 ||| STAIRDANCE
 16201 | Lair:4   | 16201 ||| INVOKING Heroism.
 16294 | Lair:5   | 16294 ||| STAIRDANCE
 16296 | Lair:4   | 16296 ||| INVOKING Heroism.
 16297 | Lair:4   | 16297 ||| SWAPPING to +0 flail.
 16298 | Lair:4   | 16298 ||| INVOKING Finesse.
 16312 | Lair:4   | 16312 ||| SWAPPING to +2 broad axe of chaos.
 16318 | Lair:4   | Identified the +2 hat of Foolhardiness {rCorr} (Okawaru
                  | gifted it to you on level 4 of the Lair of Beasts)
 16318 | Lair:4   | Received a gift from Okawaru
 16533 | Lair:4   | 16533 ||| UPGRADING to +2 hat of Foolhardiness {rCorr}.
 16540 | Lair:5   | 16540 ||| STAIRDANCE
 16542 | Lair:4   | 16542 ||| INVOKING Heroism.
 16615 | Lair:5   | 16615 ||| STAIRDANCE
 16617 | Lair:4   | 16617 ||| INVOKING Heroism.
 16712 | Lair:5   | 16712 ||| INVOKING Heroism.
 16756 | Lair:5   | 16756 ||| INVOKING Finesse.
 16761 | Lair:5   | 16761 ||| SWAPPING to +0 flail.
 16764 | Lair:5   | 16764 ||| INVOKING Heroism.
 16773 | Lair:5   | 16773 ||| Stepping ~*~*~tactically~*~*~ (outnumbered).
 16774 | Lair:5   | 16774 ||| Stepping ~*~*~tactically~*~*~ (outnumbered).
 16775 | Lair:5   | 16775 ||| Stepping ~*~*~tactically~*~*~ (outnumbered).
 16776 | Lair:5   | 16776 ||| Stepping ~*~*~tactically~*~*~ (outnumbered).
 16777 | Lair:5   | 16777 ||| Stepping ~*~*~tactically~*~*~ (outnumbered).
 16778 | Lair:5   | 16778 ||| Stepping ~*~*~tactically~*~*~ (outnumbered).
 16779 | Lair:5   | 16779 ||| Stepping ~*~*~tactically~*~*~ (outnumbered).
 16780 | Lair:5   | 16780 ||| Stepping ~*~*~tactically~*~*~ (outnumbered).
 16783 | Lair:5   | 16783 ||| SWAPPING to +2 broad axe of chaos.
 16792 | Lair:5   | Reached skill level 15 in Axes
 16792 | Lair:5   | 16792 ||| Stepping ~*~*~tactically~*~*~ (hiding).
 17044 | Lair:5   | 17044 ||| Stepping ~*~*~tactically~*~*~ (stealth).
 17177 | Lair:5   | 17177 ||| INVOKING Heroism.
 17178 | Lair:5   | 17178 ||| INVOKING Finesse.
 17290 | Lair:5   | 17290 ||| PLANNING D:1-11
 17407 | D:11     | Noticed xzight's ghost (journeyman MiBe)
 17408 | D:11     | 17408 ||| PLANNING GAUNTLET
 17408 | D:11     | Found a runed translucent door.
 17417 | D:11     | 17417 ||| Stepping ~*~*~tactically~*~*~ (stealth).
 17419 | D:11     | 17419 ||| Stepping ~*~*~tactically~*~*~ (stealth).
 17421 | D:11     | 17421 ||| Stepping ~*~*~tactically~*~*~ (stealth).
 17426 | D:11     | 17426 ||| Stepping ~*~*~tactically~*~*~ (stealth).
 17428 | D:11     | 17428 ||| Stepping ~*~*~tactically~*~*~ (stealth).
 17429 | D:11     | 17429 ||| INVOKING Heroism.
 17483 | D:11     | 17483 ||| Stepping ~*~*~tactically~*~*~ (stealth).
 17498 | D:11     | 17498 ||| Stepping ~*~*~tactically~*~*~ (stealth).
 17511 | D:11     | 17511 ||| Stepping ~*~*~tactically~*~*~ (stealth).
 17542 | D:11     | 17542 ||| Stepping ~*~*~tactically~*~*~ (stealth).
 17552 | D:11     | 17552 ||| Stepping ~*~*~tactically~*~*~ (stealth).
 17565 | D:11     | 17565 ||| Stepping ~*~*~tactically~*~*~ (stealth).
 17568 | D:11     | Found a staircase to the Orcish Mines.
 17569 | D:11     | 17569 ||| INVOKING Heroism.
 17670 | D:11     | Identified the +0 spear "Vuoxemn" {venom, Will+ Str+2}
 17675 | D:11     | 17675 ||| READING scroll of enchant weapon.
 17675 | D:11     | 17675 ||| ENCHANTING +2 broad axe of chaos.
 17845 | D:11     | 17845 ||| READING scroll of enchant weapon.
 17845 | D:11     | 17845 ||| ENCHANTING +3 broad axe of chaos.
 17872 | D:11     | 17872 ||| Stepping randomly (disturbance).
 17888 | D:11     | 17888 ||| RIP GAUNTLET
 17894 | D:11     | 17894 ||| PLANNING D:1-11
 17997 | D:11     | 17997 ||| INVOKING Heroism.
 18437 | D:11     | 18437 ||| Stepping ~*~*~tactically~*~*~ (hiding).
 18438 | D:11     | 18438 ||| INVOKING Heroism.
 18441 | D:11     | 18441 ||| SWAPPING to +0 flail.
 18451 | D:11     | Reached skill level 12 in Fighting
 18451 | D:11     | 18451 ||| SWAPPING to +4 broad axe of chaos.
 18495 | D:11     | 18495 ||| Stepping randomly (disturbance).
 18789 | D:11     | 18789 ||| PLANNING D
 18809 | D:12     | 18809 ||| INVOKING Heroism.
 19021 | D:12     | Found Luim's General Store.
 19023 | D:12     | 19023 ||| READING 3 scrolls of teleportation.
 19125 | D:12     | 19125 ||| BUYING scroll of blinking (112 gold).
 19125 | D:12     | Bought a scroll of blinking for 112 gold pieces
 19125 | D:12     | 19125 ||| BUYING scroll of teleportation (45 gold).
 19125 | D:12     | Bought a scroll of teleportation for 45 gold pieces
 19161 | D:12     | 19161 ||| INVOKING Heroism.
 19171 | D:12     | HP: 22/92 [something (6)]
 19510 | D:12     | 19510 ||| Stepping ~*~*~tactically~*~*~ (hiding).
 19512 | D:12     | 19512 ||| Stepping ~*~*~tactically~*~*~ (hiding).
 19555 | D:12     | 19555 ||| Stepping ~*~*~tactically~*~*~ (hiding).
 19592 | D:12     | 19592 ||| INVOKING Heroism.
 19650 | D:12     | 19650 ||| INVOKING Heroism.
 19652 | D:12     | 19652 ||| SWAPPING to +0 flail.
 19659 | D:12     | 19659 ||| Stepping ~*~*~tactically~*~*~ (outnumbered).
 19662 | D:12     | 19662 ||| SWAPPING to +4 broad axe of chaos.
 19995 | D:13     | 19995 ||| Stepping ~*~*~tactically~*~*~ (hiding).
 19996 | D:13     | 19996 ||| Stepping ~*~*~tactically~*~*~ (hiding).
 20217 | D:13     | 20217 ||| READING scroll of enchant armour.
 20217 | D:13     | 20217 ||| ENCHANTING +0 pair of gloves.
 20582 | D:13     | Received a gift from Okawaru
 20704 | D:13     | 20704 ||| INVOKING Heroism.
 20705 | D:13     | 20705 ||| SWAPPING to +0 flail.
 20712 | D:13     | 20712 ||| SWAPPING to +4 broad axe of chaos.
 20799 | D:13     | 20799 ||| READING scroll labelled HOTHIA OMUVIOX.
 20799 | D:13     | Identified a scroll of acquirement
 20799 | D:13     | 20799 ||| ACQUIRING +0 mask of the Dragon {Will+ Slay+3
                  | SInv}
 20799 | D:13     | Acquired the +0 mask of the Dragon {Will+ Slay+3 SInv}
 20799 | D:13     | Found the +0 mask of the Dragon {Will+ Slay+3 SInv}
 20801 | D:13     | 20801 ||| UPGRADING to +0 mask of the Dragon {Will+ Slay+3
                  | SInv}.
 20811 | D:13     | 20811 ||| READING 10 scrolls of identify.
 20811 | D:13     | 20811 ||| IDENTIFYING viscous sapphire potion
 20838 | D:14     | 20838 ||| INVOKING Heroism.
 20839 | D:14     | 20839 ||| STAIRDANCE
 20844 | D:13     | HP: 22/92 [white ugly thing (19)]
 20845 | D:13     | 20845 ||| READING 4 scrolls of teleportation.
 20845 | D:13     | Mangled by a white ugly thing

Levels and vault maps discovered:
D:1:      lemuel_arrival_river_ford, layout_basic,
          chequers_serial_rivers_room_a, minmay_pentomino_o2
D:2:      layout_basic, basic_altar, corexii_shack, uniq_sigmund
D:3:      layout_rooms
D:4:      layout_basic, gammafunk_temple_overflow_pools,
          mainiacjoe_overflow_tiny_flanked, minmay_temple_entry_stoned_glass,
          uniq_blork_the_orc
D:5:      layout_basic, grunt_dithmenos_smoke, portal_sewer_entry_b,
          kennysheep_generic_room_8
D:6:      layout_loops_ring, pdpol_temple_overflow_zin_treasury_gozag_greed,
          uniq_maggie
D:7:      kennysheep_slugbush, layout_rooms, minmay_overflow_temple_star_quad,
          nicolae_uskayaw_en_pointe, nicolae_underground_beach, uniq_duvessa
D:8:      layout_cave_pools, serial_park, serial_park_square1
          [serial_park_minivault_5x5_3], serial_park_tiny_pond,
          serial_park_avenue1, serial_park_square3
          [serial_park_minivault_5x5_1], uniq_joseph
D:9:      layout_basic, mainiacjoe_overflow_alcove_2, dk_yredelemnul_ordeal,
          ebering_ghost_reflecting_pool, chequers_serial_rivers_micro_d,
          kennysheep_cross_bottleneck, uniq_erolcha, uniq_erica, uniq_psyche
D:10:     layout_basic, lair_entry_dummy
D:11:     layout_cave_pods, zombieorc2_lemuel, ebering_ghost_funeral_grove,
          gauntlet_entry_generic, library_closet
D:12:     layout_loops_ring, serial_shops, nicolae_square_shop
D:13:     layout_irregular_city
D:14:     layout_grid_maze, skrybe_vaults_entry_preservation,
          nicolae_fountain_basement, uniq_nessos
Temple:   zaba_magenta_temple
Lair:1:   layout_misc_corridors, st_stairs_7, ldierk_geyser, minivault_24,
          columned_hall_lemuel, infiniplex_staircase_pool_2,
          serial_bayou_shore_b
Lair:2:   beast_lair_carwin_large_1, layout_chaotic_city, swamp_mist_pool
Lair:3:   layout_regular_city, minmay_snake_entry_spellcaster
Lair:4:   nzn_winding_woodlands_small [nzn_winding_woodlands_5x15_concentric,
          nzn_winding_woodlands_center_lodge,
          nzn_winding_woodlands_5x15_river_crossing], layout_gridlike,
          basic_altar, chequers_serial_rivers_small_3, nicolae_lair_lindhole
Lair:5:   gammafunk_lair_ancient_temple, layout_misc_corridors,
          nicolae_slime_entry_slimehenge, grunt_forest_large_clearings

Skill      XL: |  1  2  3  4  5  6  7  8  9 10 11 12 13 14 |
---------------+-------------------------------------------+-----
Axes           | 2 3 5 7 8 9 10 11 13 14 15 | 15.7
Throwing       | 1 2 3 4 5 6 |  6.0
Fighting       | 4 6 7 8 9 10 11 12 | 12.0
Dodging        | 1 2 3 4 |  4.0
Invocations    | 1 4 6 9 10 | 10.0
Shields        | 4 5 6 7 |  7.4
Armour         | 4 6 7 8 10 | 10.1

Action                   |  1- 3 |  4- 6 |  7- 9 | 10-12 | 13-15 || total
-------------------------+-------+-------+-------+-------+-------++-------
Melee: War axe           |    61 |   115 |   157 |       |       ||   333
       Broad axe         |       |       |   122 |   487 |   492 ||  1101
       Flail             |       |       |       |    12 |    61 ||    73
Throw: Javelin           |       |    17 |    22 |    92 |    92 ||   223
       Boomerang         |       |     5 |    16 |    17 |    16 ||    54
Invok: Heroism           |       |       |    16 |    33 |    32 ||    81
       Finesse           |       |       |       |     2 |     6 ||     8
  Use: Scroll            |     3 |     6 |    17 |     9 |     7 ||    42
       Potion            |     1 |     5 |     3 |     2 |     1 ||    12
 Stab: Confused          |       |       |       |     2 |       ||     2
       Petrifying        |       |       |       |     1 |       ||     1
Armor: Scale mail        |    26 |    71 |     2 |       |       ||    99
       Chain mail        |       |       |   170 |       |       ||   170
       Plate armour      |       |       |     1 |   366 |   516 ||   883
Dodge: Dodged            |    32 |    62 |   114 |   187 |   336 ||   731
Block: Buckler           |    13 |    36 |    69 |   135 |   201 ||   454

Table legend:
 A = Non-vault XP
 B = Vault XP
 C = Vault XP percentage of total XP
 D = Non-vault monster count
 E = Vault monster count
 F = Vault count percentage of total count
                 A         B        C        D         E       F
            +---------+---------+-------+---------+---------+-------
      Total |   52752 |   27137 |  34.0 |     348 |     158 |  31.2
            +---------+---------+-------+---------+---------+-------
        D:1 |      35 |       2 |   5.4 |      20 |       2 |   9.1
        D:2 |      26 |     233 |  90.0 |      11 |       2 |  15.4
        D:3 |      75 |       0 |   0.0 |      11 |       0 |   0.0
        D:4 |     207 |     100 |  32.6 |      25 |       1 |   3.8
        D:5 |     686 |     216 |  23.9 |      21 |       4 |  16.0
        D:6 |     615 |     404 |  39.6 |      18 |       1 |   5.3
        D:7 |    1621 |     244 |  13.1 |      28 |       9 |  24.3
        D:8 |    1313 |    1922 |  59.4 |      25 |      12 |  32.4
        D:9 |    2519 |    2144 |  46.0 |      22 |       6 |  21.4
       D:10 |    3548 |       0 |   0.0 |      18 |       0 |   0.0
       D:11 |    3614 |     594 |  14.1 |       8 |      36 |  81.8
       D:12 |    5195 |       0 |   0.0 |      21 |       0 |   0.0
       D:13 |    4015 |     297 |   6.9 |       9 |       1 |  10.0
     Lair:1 |    3743 |      85 |   2.2 |      21 |       1 |   4.5
     Lair:2 |    4459 |    1935 |  30.3 |      24 |      10 |  29.4
     Lair:3 |    4408 |     448 |   9.2 |      14 |       1 |   6.7
     Lair:4 |    6434 |   10402 |  61.8 |      26 |      45 |  63.4
     Lair:5 |   10239 |    8111 |  44.2 |      26 |      27 |  50.9
            +---------+---------+-------+---------+---------+-------
